 Dungeon Crawl Stone Soup version 0.22.1-7-g5c428e7 (webtiles) character file.

102 misha the Skirmisher (level 4, -2/41 HPs)
             Began as a Minotaur Fighter on Mar 1, 2019.
             Succumbed to a gnoll's poison
             ... on level 3 of the Dungeon.
             The game lasted 00:06:17 (1469 turns).

misha the Skirmisher (Minotaur Fighter)             Turns: 1469, Time: 00:06:18

Health: -2/41      AC:  8    Str: 21    XL:     4   Next: 50%
Magic:  3/3        EV:  7    Int:  5    God:
Gold:   69         SH:  9    Dex: 10    Spells: 3/3 levels left

rFire    + + .     SeeInvis .   a - +0 flail
rCold    + . .     Gourm    .   c - +0 shield
rNeg     . . .     Faith    .   b - +1 scale mail
rPois    .         Spirit   .   (helmet restricted)
rElec    .         Reflect  .   k - scarf {rC+ rF+}
rCorr    .         Harm     .   (no gloves)
MR       .....                  (no boots)
Stlth    ..........             (no amulet)
HPRegen  0.13/turn              p - ring of attention (curse)
MPRegen  0.08/turn              q - ring of protection from fire

@: lethally poisoned (-2 -> -50)
A: retaliatory headbutt, horns 2
a: no special abilities


You were on level 3 of the Dungeon.
You were not hungry.

You visited 1 branch of the dungeon, and saw 3 of its levels.

You collected 69 gold pieces.

Inventory:

Hand Weapons
 a - a +0 flail (weapon)
Armour
 b - a +1 scale mail (worn)
 c - a +0 shield (worn)
 k - a scarf of resistance (worn)
Jewellery
 p - a cursed ring of attention (left hand)
 q - a ring of protection from fire (right hand)
Wands
 m - a wand of digging (13)
Scrolls
 i - 3 scrolls of enchant armour
 n - a scroll of identify {unknown}
 o - a scroll of magic mapping {unknown}
Potions
 d - a potion of might
 g - a potion of haste {unknown}
 h - a potion of heal wounds {unknown}
 j - a potion of invisibility {unknown}
 l - a potion of flight {unknown}
 r - a potion of ambrosia {unknown}
Comestibles
 f - 5 rations


   Skills:
 + Level 4.7 Fighting
 + Level 3.6 Maces & Flails
 + Level 4.7 Armour
 + Level 0.5 Dodging
 - Level 3.6 Shields


You had 3 spell levels left.
You didn't know any spells.
Your spell library was empty.

Dungeon Overview and Level Annotations

Branches:
Dungeon (3/15)

Altars:


Innate Abilities, Weirdness & Mutations

You reflexively headbutt those who attack you in melee.
You have a pair of horns on your head.


Message History

* * * LOW HITPOINT WARNING * * *
You feel sick. You block the quokka's attack.
The gnoll hits you but does no damage.
You are more poisoned.
The quokka bites you but does no damage.
As you read the scroll of teleportation, it crumbles to dust.
You feel strangely unstable.
* * * LOW HITPOINT WARNING * * *
You feel sick. The gnoll hits you but does no damage.
You are more poisoned.
You block the quokka's attack.
As you read the scroll of teleportation, it crumbles to dust.
You feel strangely stable.
* * * LOW HITPOINT WARNING * * *
You feel very sick.
The gnoll hits you from afar with a spear of venom.
* * * LOW HITPOINT WARNING * * *
You are more poisoned.
You block the quokka's attack.
You die...

...#......# #.#
##...[...# ...
.......##)# ...
###.#..##.# ...
#.#.....#
..#.###.#
.<.......## ###
..#.##.g.##.....
... ##.@.......
#.###..... #r#
#### #.# #.# #.#
#.# #.# #.#


You could see a gnoll and a quokka.

Vanquished Creatures
  Jessica (D:3)
  An adder (D:3)
  2 gnolls (D:3)
  An ooze (D:2)
  2 leopard geckos
  2 ball pythons
  2 bats (D:1)
  3 giant cockroaches
  6 goblins
  5 hobgoblins
  3 quokkas (D:2)
  2 frilled lizards
  6 kobolds
  2 rats
38 creatures vanquished.

Notes
Turn   | Place    | Note
-------+----------+-------------------------------------------
     0 | D:1      | misha the Minotaur Fighter began the quest for the Orb.
     0 | D:1      | Reached XP level 1. HP: 19/19 MP: 0/0
   213 | D:1      | Reached XP level 2. HP: 27/27 MP: 1/1
   694 | D:2      | Reached XP level 3. HP: 34/34 MP: 2/2
  1432 | D:3      | Noticed Jessica
  1441 | D:3      | Killed Jessica
  1441 | D:3      | Reached XP level 4. HP: 40/41 MP: 3/3
  1468 | D:3      | HP: 2/41 [gnoll/spear of venom (2)]
  1469 | D:3      | Succumbed to a gnoll's poison

Skill      XL: |  1  2  3 |
---------------+----------+-----
Fighting       | 4 |  4.7
Armour         | 4 |  4.7
Maces & Flails | 3 |  3.6
Dodging        | |  0.5
Shields        | |  3.6

Action                   |  1- 3 |  4- 6 || total
-------------------------+-------+-------++-------
Melee: Flail             |    68 |     7 ||    75
       Headbutt          |     6 |     2 ||     8
  Use: Scroll            |     2 |     2 ||     4
  Eat: Ration            |     1 |       ||     1
Armor: Scale mail        |    27 |    10 ||    37
Dodge: Dodged            |    30 |     4 ||    34
Block: Shield            |    38 |     7 ||    45
